 Dungeon Sprint DCSS version 0.27.1-34-g3ba077fa99 (webtiles) character file.

Game seed: 773454738645562996

33 Arum the Shield-Bearer (level 3, 0/31 HPs)
             Began as a Formicid Fighter on Jan 15, 2022.
             Slain by an ogre (11 damage)
             ... in the Dungeon (Sprint IX: "|||||||||||||||||||||||||||||").
             The game lasted 00:00:19 (29 turns).

Arum the Shield-Bearer (Formicid Fighter)             Turns: 29, Time: 00:00:19

Health: 0/31       AC:  7    Str: 21    XL:     3   Next: 47%
Magic:  3/3        EV:  8    Int:  7    God:
Gold:   0          SH: 10    Dex: 10    Spells: 2/2 levels left

rFire    . . .     SeeInvis +   a - +0 quarterstaff
rCold    . . .     Faith    .   c - +0 kite shield
rNeg     . . .     Spirit   .   b - +0 scale mail
rPois    .         Reflect  .   (helmet unavailable)
rElec    .         Harm     .   (no cloak)
rCorr    .         Rampage  .   (no gloves)
Will     .....                  (no boots)
Stlth    ..........             (no amulet)
HPRegen  0.10/turn              (no ring)
MPRegen  0.08/turn              (no ring)

@: mighty
A: permanent stasis, dig shafts and tunnels, antennae 3, four strong arms
a: Dig


You were in the Dungeon.
You visited 1 branch

Inventory:

Hand Weapons
 a - a +0 quarterstaff (weapon)
Armour
 b - a +0 scale mail (worn)
 c - a +0 kite shield (worn)
Potions
 e - a potion of curing
 f - a potion of heal wounds
 g - 2 potions of magic


   Skills:
 + Level 4.7 Fighting
 + Level 3.6 Staves
 + Level 4.7 Armour
 + Level 5.2 Shields


You had 2 spell levels left.
You didn't know any spells.
Your spell library was empty.

Dungeon Overview and Level Annotations

Branches:
Dungeon (1/1)

Altars:


Innate Abilities, Weirdness & Mutations

You cannot be hasted, slowed, berserked, paralysed or teleported.
You can dig through walls and to a lower floor.
You have a pair of large antennae on your head. (SInv)
Your four strong arms can wield two-handed weapons with a shield.


Message History

No target in view!
There is an open door to the Dungeon, spattered with blood here.
Things that are here:
a +0 club; a +0 club; a frilled lizard corpse You open the door.
A hound, an orc, an ogre and 2 skeletons come into view.
The ogre shouts!
The orc shouts!
You block the bat skeleton's attack.
The bat skeleton hits you but does no damage.
Unknown command.
You closely miss the bat skeleton. You block the bat skeleton's attack. x2
Okay, then.
You closely miss the hound. The hound bites you. You block the hound's attack.
You closely miss the hound. You block the hound's attack. The hound misses you.
You closely miss the hound. You block the hound's attack.
The hound bites you but does no damage.
Your shield and scale mail prevent you from hitting the hound.
The hound bites you. You block the hound's attack.
You closely miss the hound. The hound bites you but does no damage.
The hound bites you.
You barely miss the hound. The hound completely misses you.
The hound bites you.
You hit the hound.
The hound is lightly wounded.
You block the hound's attack. The hound bites you but does no damage.
You feel very mighty all of a sudden. The hound bites you but does no damage.
The hound barely misses you.
You sock the hound!
You kill the hound!
Your Fighting skill increases to level 4!
Your Staves skill increases to level 3!
Your Armour skill increases to level 4!
Your Shields skill increases to level 5!
You have reached level 2!
You have reached level 3!
Your experience leads to an increase in your attributes!
Increase (S)trength, (I)ntelligence, or (D)exterity?
You feel stronger.
Your scale mail prevents you from hitting the ogre.
The ogre hits you with a +0 giant spiked club!
You die... ▓▓▓▓▓▓▓▓▓▓▓▓▓▓▓▓▓▓ ▓<...)....@OoZ.Z.+ ▓▓▓▓▓▓▓▓▓▓▓▓▓▓▓▓▓▓

You could see an ogre, an orc, a bat skeleton and an adder skeleton.

Vanquished Creatures
  A hound (D)
  An endoplasm (D)
  A bat (D)
  A frilled lizard (D)
  2 goblins (D)
6 creatures vanquished.

Notes
Turn   | Place    | Note
-------+----------+-------------------------------------------
     0 | D        | Arum the Formicid Fighter began the quest for the Orb.
     0 | D        | Reached XP level 1. HP: 18/18 MP: 1/1
     8 | D        | Reached skill level 4 in Shields
     9 | D        | Banished a spatial maelstrom
    18 | D        | Noticed a hound
    18 | D        | Noticed an ogre
    28 | D        | Killed a hound
    29 | D        | Reached skill level 5 in Shields
    29 | D        | Reached XP level 2. HP: 9/26 MP: 2/2
    29 | D        | Reached XP level 3. HP: 11/31 MP: 3/3
    29 | D        | Slain by an ogre

Illustrated notes

Levels and vault maps discovered:
D:        linesprint [early_d, line_temple, items_1, d_10, items_2, lair_1,
          lair_end, items_3, orc_1, orc_end, items_4, d_15, swamp_1, shoals_1,
          snake_1, spider_1, d_20, vaults_1, items_5, swamp_end, shoals_end,
          snake_end, spider_end, vaults_end, d_27, items_6, zot_1, zot_end,
          crypt_end, forest_end, elf_end, slime_end, tomb_end, abyss_end,
          pan_hell_end]

Skill      XL: |  1 |
---------------+----+-----
Shields        | 5 |  5.2
Fighting       | 4 |  4.7
Staves         | 3 |  3.6
Armour         | 4 |  4.7

Action                   || total
-------------------------++-------
Melee: Quarterstaff      ||    18
  Use: Potion            ||     1
Armor: Scale mail        ||     8
Dodge: Dodged            ||     5
Block: Kite shield       ||     9
